 Dungeon Sprint DCSS version bcrawl-1.20 (webtiles) character file.

Game seed: 12829046611099404488

84 Freyura the Twirler (level 4, 0/38 HPs)
             Began as a Demonspawn Gladiator on Jan 21, 2020.
             Succumbed to a worker ant's poison
             ... in the Dungeon (Sprint IX: "|||||||||||||||||||||||||||||").
             The game lasted 00:00:35 (50 turns).

Freyura the Twirler (Demonspawn Gladiator)            Turns: 50, Time: 00:00:35

Health: 0/38       AC:  5    Str: 14    XL:     4   Next: 23%
Magic:  4/4        EV: 14    Int: 10    God:
Gold:   0          SH:  0    Dex: 15    Spells: 3/3 levels left

rFire    . . .     SeeInvis .   a - +0 quarterstaff
rCold    + . .     Gourm    .   (shield currently unavailable)
rNeg     . . .     Faith    .   b - +0 leather armour
rPois    .         Spirit   .   c - +0 helmet
rElec    .         Reflect  .   (no cloak)
rCorr    .         Harm     .   (no gloves)
MR       .....     NoTele   +   (no boots)
Stlth    +.........             (no amulet)
HPRegen  0.12/turn              (no ring)
MPRegen  0.09/turn              (no ring)

@: lethally poisoned (0 -> -5), berserk cooldown, slowed, very slow
A: rugged brown scales 1, cold resistance 1
a: no special abilities


You were in the Dungeon.
You were not hungry.

You visited 1 branch

Inventory:

Hand Weapons
 a - a +0 quarterstaff (weapon)
Missiles
 d - 3 throwing nets (quivered) {!f}
Armour
 b - a +0 leather armour (worn)
 c - a +0 helmet (worn)
Scrolls
 k - a scroll of blinking
Potions
 f - a potion of curing
 h - a potion of haste
 i - 2 potions of magic
Comestibles
 e - a ration {!d}


   Skills:
 + Level 4.1 Fighting
 * Level 5.5 Staves
 - Level 1.7 Throwing
 + Level 3.1 Armour
 + Level 4.3 Dodging


You had 3 spell levels left.
You didn't know any spells.
Your spell library was empty.

Dungeon Overview and Level Annotations

Branches:
Dungeon (1/1)

Altars:


Innate Abilities, Weirdness & Mutations

You are partially covered in rugged brown scales. (AC +1, +3% HP)
Your flesh is cold resistant. (rC+)


Message History

You feel yourself slow down.
You feel sick.
The centaur wields a +0 shortbow.
The centaur shoots an arrow.
The arrow hits you!
* * * LOW HITPOINT WARNING * * *
You feel much better.
You feel sick.
The centaur shoots an arrow.
The arrow barely misses you.
You feel sick.
The centaur unwields a +0 shortbow.
The centaur hits you. The centaur closely misses you.
You hit the centaur.
The centaur is moderately wounded.
You feel sick. The centaur hits you! The centaur hits you.
* * * LOW HITPOINT WARNING * * *
The centaur hits you!
* * * LOW HITPOINT WARNING * * *
You hit the centaur.
The centaur is heavily wounded.
* * * LOW HITPOINT WARNING * * *
You feel sick. The centaur misses you. The centaur closely misses you.
You sock the centaur!
The centaur is almost dead.
You die... ▓▓▓▓▓▓▓▓▓▓▓▓▓▓▓▓▓▓ ▓<...'(....)@cl..+ ▓▓▓▓▓▓▓▓▓▓▓▓▓▓▓▓▓▓

You could see a centaur and an iguana.

Vanquished Creatures
  An orc wizard (D)
  2 worker ants (D)
  A leopard gecko (D)
  2 kobolds (D)
  2 rats (D)
8 creatures vanquished.

Notes
Turn   | Place    | Note
-------+----------+-------------------------------------------
     0 | D        | Freyura the Demonspawn Gladiator began the quest for the
                  | Orb.
     0 | D        | Reached XP level 1. HP: 16/16 MP: 1/1
     6 | D        | Reached skill level 3 in Staves
     9 | D        | Reached skill level 1 in Armour
    24 | D        | Noticed an orc wizard
    24 | D        | Noticed a worker ant
    24 | D        | Noticed a worker ant
    24 | D        | Noticed a centaur
    24 | D        | Noticed an iguana
    34 | D        | Killed an orc wizard
    34 | D        | Reached skill level 4 in Staves
    34 | D        | Gained mutation: Your flesh is cold resistant. (rC+)
                  | [demonic ancestry]
    34 | D        | Reached XP level 2. HP: 24/24 MP: 2/2
    34 | D        | Reached XP level 3. HP: 29/29 MP: 3/3
    37 | D        | Reached skill level 5 in Staves
    45 | D        | Gained mutation: You are partially covered in rugged brown
                  | scales. (AC +1, +3% HP) [demonic ancestry]
    45 | D        | Reached XP level 4. HP: 30/38 MP: 4/4
    48 | D        | HP: 1/38 [centaur (8)]
    50 | D        | Succumbed to a worker ant's poison

Skill      XL: |  1  2  3 |
---------------+----------+-----
Staves         | 4 5 |  5.5
Armour         | 2 3 |  3.1
Dodging        | 3 4 |  4.3
Fighting       | 3 4 |  4.1
Throwing       | |  1.7

Action                   |  1- 3 |  4- 6 || total
-------------------------+-------+-------++-------
Melee: Quarterstaff      |    27 |     3 ||    30
  Use: Potion            |     1 |     1 ||     2
Armor: Leather armour    |     3 |       ||     3
Dodge: Dodged            |    13 |     4 ||    17
